Map: King's Cove LE

Players

Parkkatz

  • Race: Zerg Zerg
  • League: Platinum
  • Spawn Location: 11:00

GoodByeUSA - Winner!

  • Race: Protoss Protoss
  • League: Platinum
  • Spawn Location: 5:00

VOD

Have the link to the VOD?

Description

Time

  • Played on: June 30, 2019, 8:27 a.m.
  • Length: 3:43
Show
View Real Time Build Order
Export as new Build Order

Parkkatz Zerg 

Build Orders: Hatch First 

Get SALT Encoding   

  12  0:01  Drone  
  13  0:12  Overlord  
  13  0:18  Drone  
  14  0:31  Drone x2  
  14  0:35  Drone  
  17  0:54  Hatchery  
  16  0:58  Drone  
  17  1:13  Spawning Pool  
  17  1:14  Drone  
  17  1:17  Drone  
  18  1:20  Drone  
  19  1:28  Extractor  
  19  1:30  Drone  
  19  1:50  Overlord  
  19  1:59  Queen  
  21  2:01  Zergling x2  
  22  2:11  Roach Warren  
  22  2:12  Zergling x4  
  22  2:15  Zergling x2  
  24  2:31  Spine Crawler  
  24  2:34  Spine Crawler  
  22  2:45  Queen  
  24  2:58  Roach  
  24  2:59  Roach x2  
Show
View Real Time Build Order
Export as new Build Order

GoodByeUSA Protoss - Winner!

Build Orders:  

Get SALT Encoding   

  1  0:00  Probe  
  12  0:05  Probe  
  14  0:15  Probe  
  15  0:25  Pylon  
  15  0:43  Probe  
  15  0:44  Forge  
  16  0:55  Probe  
  17  1:07  Probe  
  18  1:15  Pylon  
  18  1:16  Probe  
  18  1:24  Probe  
  20  1:34  Probe  
  20  1:35  Photon Cannon  
  21  1:40  Photon Cannon  
  21  1:46  Probe  
  22  1:58  Probe  
  22  1:59  Nexus  
  23  2:11  Photon Cannon  
  23  2:18  Photon Cannon  
  23  2:29  Photon Cannon  
  23  2:34  Probe  
  23  2:42  Probe  
  25  2:52  Probe  
  25  2:53  Assimilator  
  25  2:54  Assimilator  
  25  2:56  Pylon  
  26  2:59  Pylon  
  26  3:04  Probe  
  27  3:15  Probe  
  28  3:22  Photon Cannon  
  28  3:23  Probe  
  28  3:27  Probe  
  28  3:31  Probe  
  30  3:38  Photon Cannon  
  32  3:43  Pylon  
Tags
 
Add a new tag
Caveats
  • Supply blocks, unpowered buildings, or Contaminate may cause inaccurate times.
  • Supply counts are checked every 10 seconds.